 Dungeon Crawl Stone Soup version 0.30-a0-723-gc1506a1cf0 (webtiles) character file.

Game seed: 11021133220774776518

1908 Newt the Purveyor of Pain (level 8, -13/60 HPs)
             Began as a Demonspawn Gladiator on Jan 28, 2023.
             Was an Initiate of Kikubaaqudgha.
             Mangled by a shadow (29 damage)
             ... on level 9 of the Dungeon.
             The game lasted 00:06:38 (5166 turns).

Newt the Purveyor of Pain (Demonspawn Gladiator)    Turns: 5166, Time: 00:06:39

Health: -13/60     AC: 18    Str: 15    XL:     8   Next: 94%
Magic:  0/15       EV:  7    Int: 18    God:    Kikubaaqudgha [......]
Gold:   236        SH:  0    Dex: 13    Spells: 17/17 levels left

rFire   . . .      SeeInvis .    l - +6 mace (pain)
rCold   . . .      Faith    .    (no shield)
rNeg    . . .      Spirit   +    t - +5 chain mail "Paizyari" {Int+3}
rPois   .          Reflect  .    c - +0 helmet
rElec   .          Harm     .    (no cloak)
rCorr   .          Rampage  .    u - +0 pair of gloves
Will    .....                    (no boots) Stlth
                                 p - amulet of guardian spirit
HPRegen 0.30/turn                (no ring)
MPRegen 0.14/turn                (no ring)

@: about to teleport
A: thin metallic scales 2, demonic magic 2, clever 1
a: Renounce Religion


You were on level 9 of the Dungeon.
You worshipped Kikubaaqudgha.
Kikubaaqudgha was noncommittal.
You visited 2 branches of the dungeon, and saw 8 of its levels.

You collected 272 gold pieces.
You spent 36 gold pieces at shops.

Inventory:

Hand Weapons
 a - a +0 rapier of electrocution
 j - a +0 short sword of venom
 l - a +6 mace of pain (weapon)
Missiles
 d - 2 throwing nets
 e - 22 poisoned darts (quivered)
 r - 3 boomerangs
 F - a curare-tipped dart
Armour
 b - a +0 leather armour
 c - a +0 helmet (worn)
 t - the +5 chain mail "Paizyari" (worn) {Int+3}
   (You found it on level 4 of the Dungeon)

   Int:       It affects your intelligence (+3).
 u - a +0 pair of gloves (worn)
Jewellery
 p - an amulet of guardian spirit (around neck)
 B - an amulet of magic regeneration
 C - a +5 ring of evasion
 E - a ring of see invisible
Wands
 h - a wand of paralysis (8)
 y - a wand of roots (9)
Potions
 f - 2 potions of magic
 g - 4 potions of attraction
 i - a potion of degeneration
 k - 2 potions of mutation
 m - 2 potions of haste
 n - a potion of brilliance
 o - 2 potions of curing
 q - 2 potions of cancellation
 s - a potion of flight {unknown}
 v - a potion of ambrosia {unknown}
 w - 2 potions of lignification
 A - a potion of resistance {unknown}


   Skills:
 - Level 4.0 Fighting
 - Level 2.6 Short Blades
 - Level 6.0 Maces & Flails
 - Level 1.7 Throwing
 - Level 2.6 Dodging
 - Level 2.0 Stealth
 - Level 5.0 Spellcasting
 + Level 6.8 Necromancy


You had 17 spell levels left.
You didn't know any spells.
Your spell library contained the following spells:

 Spells                   Type           Power      Damage    Failure   Level
 Sandblast                Erth           8%         2d5       98%         1
 Lesser Beckoning         Tloc           8%         N/A       99%         2
 Passwall                 Tmut/Erth      3%         N/A       99%         2
 Gell's Gravitas          Tloc           4%         N/A       100%        3
 Stone Arrow              Conj/Erth      8%         3d7       100%        3
 Teleport Other           Tloc           4%         N/A       100%        3


Dungeon Overview and Level Annotations

Branches:
Dungeon (6/15)             Temple (1/1) D:6

Altars:
Ashenzari
Cheibriados
Fedhas
Gozag
Kikubaaqudgha
Makhleb
Okawaru
Qazlal
Sif Muna
Trog
Uskayaw
Vehumet
Wu Jian
Xom
Yredelemnul

Shops:
D:4 *


Innate Abilities, Weirdness & Mutations

You are mostly covered in thin metallic scales. (AC +3)
Spells you cast may paralyse nearby enemies.
Your mind is acute. (Int +4, Str/Dex -1)


Message History

The hell rat bites you but does no damage.
The hell rat attacks as you move away! The hell rat barely misses you.
The orc barely misses you.
The hell rat bites you but does no damage.
The hell rat attacks as you move away! The hell rat bites you.
The orc attacks as you move away! The orc completely misses you.
You closely miss the orc. The orc hits you but does no damage.
You closely miss the orc. The orc hits you with a +0 mace.
You hit the orc.
The orc writhes in agony.
The orc is heavily wounded.
The orc barely misses you.
You thump the orc!
You kill the orc!
Kikubaaqudgha accepts your kill.
The shadow strikes at you from the darkness!
Reactivating autopickup.
You closely miss the shadow.
An orc comes into view. It is wielding a +0 war axe.
The shadow slips into darkness.
The shadow flickers and vanishes!
Deactivating autopickup; reactivate with Ctrl-A.
An orc wizard comes into view. It is wielding a +1 dagger of draining.
The orc wizard shouts!
You hear a shout!
The orc wizard moves out of view.
An orc warrior comes into view. It is wielding a +0 halberd.
The shadow strikes at you from the darkness!
* * * LOW HITPOINT WARNING * * *
Reactivating autopickup.
The shadow slips into darkness.
The shadow flickers and vanishes!
Deactivating autopickup; reactivate with Ctrl-A.
As you read the scroll of teleportation, it crumbles to dust.
You feel strangely unstable.
Okay, then.
You feel better.
The orc wizard mumbles some strange words.
The orc wizard flickers and vanishes!
The shadow strikes at you from the darkness!
You die...
Kikubaaqudgha rasps: "You have failed me!
Welcome... death!"

..o.. #>.... .# .....
#.... .# .
.r..#######... .##..#.
.o..#.....#..####c......
....#.._..#.ro.rr# .{.
...r##...##r.###o# .o..
.....o.....o.# #o##...#.
....o.##..o..# #...o....
......##.....# #@##.....
......##.....# #.# .##.
......##.....# #.# #
############## #.. #.#
#.# ###


You could see an orc warrior, a centaur, a hell rat, an orc priest, 2 orcs and a
rat.

Vanquished Creatures
  A two-headed ogre (D:6)
  A slime creature (D:5)
  A water moccasin (D:4)
  A black bear (D:5)
  An ice beast (D:5)
  An ogre (D:5)
  2 kobold brigands
  A scorpion (D:5)
  4 jellies (D:5)
  2 hounds
  A gnoll bouda (D:5)
  An orc priest (D:3)
  2 iguanas
  An orc wizard (D:5)
  3 gnolls (D:5)
  6 adders
  2 white imps (D:5)
  4 worms
  6 dart slugs
  18 orcs
  5 bats
  13 endoplasms
  7 giant cockroaches
  6 goblins
  9 hobgoblins
  18 kobolds
  7 quokkas
  8 ball pythons
  5 frilled lizards
  8 rats
145 creatures vanquished.

Vanquished Creatures (others)
  A fungus (D:5)
  7 toadstools (D:5)
8 creatures vanquished.

Grand Total: 153 creatures vanquished

Notes
Turn   | Place    | Note
-------+----------+-------------------------------------------
     0 | D:1      | Newt the Demonspawn Gladiator began the quest for the Orb.
     0 | D:1      | Reached XP level 1. HP: 16/16 MP: 1/1
    37 | D:1      | Reached skill level 1 in Stealth
   254 | D:1      | Gained mutation: You are partially covered in thin metallic
                  | scales. (AC +2) [demonic ancestry]
   254 | D:1      | Reached XP level 2. HP: 22/22 MP: 2/2
   638 | D:1      | Reached XP level 3. HP: 28/28 MP: 3/3
  1087 | D:2      | Gained mutation: Spells you cast may paralyse adjacent
                  | enemies. [demonic ancestry]
  1087 | D:2      | Reached XP level 4. HP: 22/37 MP: 4/4
  1636 | D:3      | Reached skill level 1 in Spellcasting
  1844 | D:3      | Gained mutation: Spells you cast may paralyse nearby
                  | enemies. [demonic ancestry]
  1844 | D:3      | Reached XP level 5. HP: 13/42 MP: 1/8
  2444 | D:4      | Found a bloodstained altar of Trog.
  2444 | D:4      | Found a broken altar of Ashenzari.
  2449 | D:4      | Found a shimmering altar of Xom.
  2524 | D:4      | Identified the +5 chain mail "Paizyari" {Int+3}
  2584 | D:4      | Gained mutation: Your mind is acute. (Int +4, Str/Dex -1)
                  | [potion of mutation]
  2925 | D:4      | Found Xuryanol's General Store.
  2930 | D:4      | Bought a potion of lignification for 36 gold pieces
  3115 | D:4      | Found an iron altar of Okawaru.
  3182 | D:4      | Found a stormy altar of Qazlal.
  3183 | D:4      | Noticed a water elemental
  3184 | D:4      | Noticed an air elemental
  3185 | D:4      | Noticed a fire elemental
  3362 | D:5      | Entered Level 5 of the Dungeon
  3367 | D:5      | Noticed a water moccasin
  3374 | D:5      | Reached XP level 6. HP: 48/48 MP: 11/11
  3411 | D:4      | Killed a water moccasin
  3747 | D:5      | Reached skill level 5 in Spellcasting
  3747 | D:5      | Gained mutation: You are mostly covered in thin metallic
                  | scales. (AC +3) [demonic ancestry]
  3747 | D:5      | Reached XP level 7. HP: 37/54 MP: 10/14
  4139 | D:5      | Noticed a slime creature
  4148 | D:5      | Killed a slime creature
  4149 | D:5      | Reached skill level 5 in Necromancy
  4462 | D:5      | Found a broken altar of Ashenzari.
  4602 | D:5      | Reached XP level 8. HP: 52/60 MP: 13/15
  4844 | D:6      | Noticed a two-headed ogre
  4865 | D:6      | Killed a two-headed ogre
  5085 | D:6      | Found a staircase to the Ecumenical Temple.
  5101 | Temple   | Entered the Ecumenical Temple
  5115 | Temple   | Became a worshipper of Kikubaaqudgha
  5133 | D:6      | You fall into a shaft and drop 3 floors!
  5133 | D:9      | Found a shimmering blue altar of Sif Muna.
  5138 | D:9      | Noticed a death yak
  5166 | D:9      | Mangled by a shadow

Illustrated notes

Levels and vault maps discovered:
D:1:      dpeg_arrival_rhombus, layout_loops_ring, minivault_26
D:2:      layout_basic
D:3:      layout_basic, mainiacjoe_overflow_brackets, nrook_campfire
D:4:      layout_loops_ring, nicolae_qazlal_style_of_elements, okawaru_trees_1,
          doesnt_xom_only_xom, serial_shops, shop
D:5:      cheibrodos_fertilizer, layout_basic, kennysheep_little_box
D:6:      layout_cave_pods, lemuel_tele_altar, minmay_temple_entry_grid,
          serial_shops, nicolae_shop_advertising_works
          [nicolae_subvault_shop_adworks]
D:9:      layout_basic, marbit_many_paths, mainiacjoe_overflow_alcove_1,
          dpeg_lair_monsters, amethyst_killhole, minmay_st_funbox,
          grunt_ministairs_8, chequers_serial_rivers_large_a
Temple:   hellmonk_temple_two_chambers

Skill      XL: |  1  2  3  4  5  6  7  8 |
---------------+-------------------------+-----
Stealth        | 1 2 |  2.0
Fighting       | 3 4 |  4.0
Spellcasting   | 2 3 5 |  5.0
Necromancy     | 2 6 |  6.8
Maces & Flails | 2 6 |  6.0
Short Blades   | |  2.6
Throwing       | |  1.7
Dodging        | |  2.6

Action                     |  1- 3 |  4- 6 |  7- 9 || total
---------------------------+-------+-------+-------++-------
  Melee: Rapier            |    85 |       |       ||    85
         Short sword       |    43 |   251 |     8 ||   302
         Punch             |     1 |     2 |     1 ||     4
         Mace              |       |       |   118 ||   118
  Throw: Javelin           |       |     1 |       ||     1
         Throwing net      |       |     3 |     2 ||     5
         Dart              |       |     1 |       ||     1
    Use: Scroll            |     4 |     7 |     7 ||    18
         Potion            |       |     2 |     3 ||     5
   Stab: Sleeping          |     3 |     2 |       ||     5
 Armour: Leather armour    |    45 |    31 |       ||    76
         Chain mail        |       |    90 |    98 ||   188
  Dodge: Dodged            |    51 |   101 |    55 ||   207

Table legend: (Time is in decaauts)
 A = Elapsed time spent in this place.
 B = Non-inter-level travel time spent in this place.
 C = Inter-level travel time spent in this place.
 D = Time resting spent in this place.
 E = Time spent auto-exploring this place.
 F = Levels seen in this place.
 G = Mean time per level.
                   A        B        C        D        E       F      G
               +--------+--------+--------+--------+--------+-----+--------+
         Total |   5168 |   4944 |    224 |    958 |   2911 |   8 |  646.0 |
       Dungeon |   5148 |   4931 |    217 |    958 |   2904 |   7 |  735.4 |
        Temple |     20 |     14 |      6 |      0 |      7 |   1 |   20.0 |
               +--------+--------+--------+--------+--------+-----+--------+

Top non-repeatable levels by time:
     D:5: 1319 daAuts
     D:4: 1118 daAuts
     D:1: 882 daAuts
     D:3: 866 daAuts
     D:2: 651 daAuts
     D:6: 275 daAuts
     D:9: 33 daAuts
  Temple: 20 daAuts
